 Dungeon Crawl Stone Soup version 0.17-a0-1945-gfe993df (webtiles) character file.

698 derrpe the Conjurer (level 7, 0/40 HPs)
             Began as a Tengu Fire Elementalist on Oct 1, 2015.
             Slain by an orc wizard
             ... wielding a +4 dagger
              (4 damage)
             ... on level 5 of the Dungeon.
             The game lasted 00:08:07 (5751 turns).

derrpe the Conjurer (Tengu Fire Elementalist)       Turns: 5751, Time: 00:08:07

Health: 0/40       AC:  4    Str: 13    XL:     7   Next: 65%
Magic:  1/13       EV: 13    Int: 17    God:
Gold:   176        SH:  0    Dex: 15    Spells: 3 memorised, 4 levels left

rFire  + . .     SeeInvis .     b - staff of conjuration
rCold  x . .     Clarity  .     z - +0 robe (curse)
rNeg   . . .     SustAt   +     (no shield)
rPois  .         Gourm    .     q - +1 hat
rElec  .         Spirit   .     (no cloak)
rCorr  .         Warding  .     y - +0 pair of gloves (curse)
rMut   .         Stasis   .     (boots unavailable)
MR     .....                    (no amulet)
Stlth  ++........               t - ring of fire
                                d - ring of sustain attributes

@: mighty, not resistant to hostile enchantments, unstealthy
A: beak, talons 3, able to fly 1
a: Fly


You were on level 5 of the Dungeon.
You were hungry.

You visited 1 branch of the dungeon, and saw 5 of its levels.

You collected 176 gold pieces.

Inventory:

Hand weapons
 a - a +2 short sword of protection
 F - a +0 blowgun
Missiles
 v - 19 poisoned needles
Armour
 q - a +1 hat (worn)
 y - a cursed +0 pair of gloves (worn)
 z - a cursed +0 robe (worn)
Magical staves
 b - an uncursed staff of conjuration (weapon)
Jewellery
 d - a ring of sustain attributes (left hand)
 t - a ring of fire (right hand)
Magical devices
 B - a wand of slowing (20)
 D - a wand of confusion (32)
Scrolls
 e - 3 scrolls of enchant weapon {unknown}
 f - 3 scrolls of blinking {unknown}
 h - 3 scrolls of remove curse {unknown}
 i - 2 scrolls of random uselessness {unknown}
 j - 8 scrolls of identify {unknown}
 m - 2 scrolls of teleportation {unknown}
 n - a scroll of fear {unknown}
 p - a scroll of enchant armour {unknown}
 s - 3 scrolls of recharging {unknown}
 x - a scroll of amnesia {unknown}
 I - a scroll of fog {unknown}
Potions
 g - 2 potions of might
 k - a potion of magic {unknown}
 l - 2 potions of cancellation
 o - a potion of haste {unknown}
 r - a potion of heal wounds {unknown}
 w - a potion of flight {unknown}
 A - a potion of degeneration {unknown}
 E - a potion of ambrosia {unknown}
Books
 u - a book of Flames

   Spells                             Type                      Level
   a - Flame Tongue                   Conjuration/Fire             1
   b - Throw Flame                    Conjuration/Fire             2
   c - Conjure Flame                  Conjuration/Fire             3
   d - Inner Flame                    Hexes/Fire                   3
   e - Sticky Flame                   Conjuration/Fire             4
   f - Fireball                       Conjuration/Fire             5
 C - a book of Conjurations

   Spells                             Type                      Level
   a - Magic Dart                     Conjuration                  1
   b - Searing Ray                    Conjuration                  2
   c - Dazzling Spray                 Conjuration/Hexes            3
   d - Fulminant Prism                Conjuration/Hexes            4
   e - Iskenderun's Mystic Blast      Conjuration                  4
   f - Iskenderun's Battlesphere      Conjuration/Charms           5
Comestibles
 c - 7 bread rations {@e1}
 G - 2 fruits
 H - 2 chunks of flesh {@w0}


   Skills:
 + Level 2.2 Fighting
 + Level 3.4 Dodging
 - Level 2.0 Stealth
 + Level 3.4 Spellcasting
 + Level 6.1 Conjurations
 - Level 6.0 Fire Magic


You had 4 spell levels left.
You knew the following spells:

 Your Spells              Type           Power        Failure   Level  Hunger
a - Flame Tongue          Conj/Fire      #####        1%          1    None
b - Sticky Flame          Conj/Fire      ######..     17%         4    ####...
c - Conjure Flame         Conj/Fire      ######..     6%          3    ###....


Dungeon Overview and Level Annotations

Branches:
Dungeon (5/15)
 Temple: D:4-7

Altars:
Makhleb
Xom


Innate Abilities, Weirdness & Mutations

You have a beak for a mouth.
You have claws for feet.
You can fly.


Message History

Casting: Flame Tongue
Confirm with . or Enter, or press ? or * to list all spells.
You don't have enough magic to cast that spell.
Casting: Flame Tongue
Confirm with . or Enter, or press ? or * to list all spells.
You don't have enough magic to cast that spell.
Casting: Flame Tongue
Confirm with . or Enter, or press ? or * to list all spells.
You don't have enough magic to cast that spell.
You hit the orc wizard but do no damage.
You peck the orc wizard, but do no damage.
The orc wizard points at you and mumbles some strange words.
The puff of frost hits you!
You feel a terrible chill!
* * * LOW HITPOINT WARNING * * *
The orc wizard hits you with an enchanted dagger.
* * * LOW HITPOINT WARNING * * *
Drink which item? (? for menu, Esc to quit)
You feel very mighty all of a sudden.
The orc wizard hits you with an enchanted dagger.
You die...

## ###### ... #....#
.... #....#
.....#########....##
............#......#
.....).(....o).....+
............#@.....#
.....#########).(.##
.... #.)..# ...
#..(.# ##
######'(#############
≈≈≈≈......≈≈≈≈≈≈≈≈≈≈≈
≈≈≈≈.....(≈≈≈≈≈≈≈≈≈≈≈
≈≈≈≈......≈≈≈≈≈≈≈≈≈≈≈
.......((............


You could see an orc wizard.

Vanquished Creatures
  A phantom (D:4)
  An ogre (D:5)
  2 crimson imps
  A hound (D:5)
  2 orc wizards
  An orc priest (D:3)
  A worker ant (D:4)
  An iguana (D:5)
  6 adders
  11 gnolls
  An adder skeleton (D:4)
  4 worms
  A giant gecko (D:3)
  10 orcs
  11 goblins
  7 hobgoblins
  3 jackals (D:5)
  20 kobolds
  7 bats
  6 giant cockroaches
  4 giant newts
  2 quokkas
  A quokka skeleton (D:4)
  12 rats
116 creatures vanquished.

Notes
Turn   | Place    | Note
--------------------------------------------------------------
     0 | D:1      | derrpe the Tengu Fire Elementalist began the quest for the Orb.
     0 | D:1      | Reached XP level 1. HP: 10/10 MP: 4/4
   650 | D:1      | Reached XP level 2. HP: 15/15 MP: 3/6
  1347 | D:2      | Reached skill level 4 in Fire Magic
  1457 | D:2      | Reached XP level 3. HP: 19/19 MP: 5/7
  1733 | D:2      | Reached XP level 4. HP: 24/24 MP: 5/8
  2206 | D:2      | Reached skill level 5 in Fire Magic
  2248 | D:2      | Gained mutation: You can fly. [Tengu growth]
  2248 | D:2      | Reached XP level 5. HP: 25/28 MP: 5/9
  2552 | D:3      | Found a burning altar of Makhleb.
  2552 | D:3      | Found a shimmering altar of Xom.
  2757 | D:3      | Reached XP level 6. HP: 4/32 MP: 5/10
  3158 | D:3      | Learned a level 4 spell: Sticky Flame
  3162 | D:3      | Learned a level 3 spell: Conjure Flame
  3471 | D:3      | Reached skill level 5 in Conjurations
  4250 | D:4      | Reached skill level 1 in Fighting
  4312 | D:4      | Reached XP level 7. HP: 38/38 MP: 1/12
  4755 | D:5      | Entered Level 5 of the Dungeon
  5346 | D:5      | Reached skill level 6 in Fire Magic
  5751 | D:5      | Slain by an orc wizard

Vault maps used:
D:1:      nicolae_arrival_washed_ashore, kennysheep_flooded_box
D:2:      hangedman_abyss_or_decor_stabs
D:3:      grunt_temple_overflow_champion_of_chaos, first_bread,
          hangedman_decor_push
D:4:      corexii_shack_village
D:5:      minmay_goblin_kobold_castle, kiku_gazebo_pond_becter,
          overflow_temple_1_default

Action                   |  1- 3 |  4- 6 |  7- 9 || total
-------------------------+-------+-------+-------++-------
Melee: Dagger            |     2 |       |       ||     2
       Short sword       |     8 |    15 |    25 ||    48
       Staff             |       |       |     2 ||     2
 Fire: Blowgun           |       |    13 |       ||    13
 Cast: Flame Tongue      |    45 |   107 |    70 ||   222
  Use: Potion            |       |     2 |     1 ||     3
 Stab: Sleeping          |       |     1 |       ||     1
  Eat: Chunk             |     3 |     9 |     4 ||    16
